 Dungeon Crawl Stone Soup version 0.28.0-45-g0d030f2227 (webtiles) character file.

Game seed: 3080430756187888761

284510 Peloso the Hoplite (level 20, -7/179 (187) HPs)
             Began as a Minotaur Fighter on Apr 7, 2022.
             Was the Champion of Okawaru.
             Killed from afar by Nikola (67 damage)
             ... with an arc of chain lightning
             ... on level 3 of the Spider Nest.
             The game lasted 02:01:16 (47412 turns).

Peloso the Hoplite (Minotaur Fighter)              Turns: 47412, Time: 02:01:16

HP:   -7/179 (187)  AC: 35    Str: 29    XL:     20   Next: 15%
MP:   20/20         EV: 17    Int:  5    God:    Okawaru [******]
Gold: 3885          SH: 30    Dex: 20    Spells: 19/19 levels left

rFire   . . .      SeeInvis .   a - +5 double sword (elec)
rCold   . . .      Faith    .   d - +0 tower shield
rNeg    . . .      Spirit   .   V - +8 chain mail of Okawaru's Supremacy {+Inv Str+3 Stlth+}
rPois   .          Reflect  +   D - +2 hood of the Assassin {Detection Stab+ Stlth++}
rElec   .          Harm     .   o - +2 cloak
rCorr   .          Rampage  .   i - +0 pair of gloves
Will    +....                   r - +2 pair of boots
Stlth   ++++......              U - amulet of reflection
HPRegen 0.39/turn               e - +6 ring of dexterity
MPRegen 0.17/turn               C - +4 ring of protection

@: lightly drained
A: horns 2, retaliatory headbutt
}: 1/15 runes: barnacled
a: Renounce Religion, Evoke Invisibility, Heroism, Finesse, Duel


You were on level 3 of the Spider Nest.
You worshipped Okawaru.
Okawaru was exalted by your worship.
You visited 7 branches of the dungeon, and saw 35 of its levels.
You also visited: Bailey and Ice Cave.

You collected 4332 gold pieces.
You spent 447 gold pieces at shops.

Inventory:

Hand Weapons
 a - a +5 double sword of electrocution (weapon)
 b - a +2 scimitar of flaming
 c - the +3 scimitar of Huyrr {holy, rPois SInv}
   (Okawaru gifted it to you on level 2 of the Elven Halls)

   It has been blessed by the Shining One to cause great damage to the undead
   and demons.
   rPois:     It protects you from poison.
   SInv:      It lets you see invisible.
Armour
 d - a +0 tower shield (worn)
 i - a +0 pair of gloves (worn)
 o - a +2 cloak (worn)
 r - a +2 pair of boots (worn)
 D - the +2 hood of the Assassin (worn) {Detection Stab+ Stlth++}
   (You found it on level 15 of the Dungeon)

   It allows the wearer to sense nearby creatures.
   It allows the wearer to make particularly effective stabbing attacks against
   helpless or unaware enemies with any weapon.
   Stlth:     It makes you much more stealthy.
 P - a +2 hat of willpower
 V - the +8 chain mail of Okawaru's Supremacy (worn) {+Inv Str+3 Stlth+}
   (Okawaru gifted it to you on level 1 of the Shoals)

   Str:       It affects your strength (+3).
   +Inv:      It lets you turn invisible.
   Stlth:     It makes you more stealthy.
Jewellery
 e - a +6 ring of dexterity (left hand)
 f - a ring of protection from fire
 C - a +4 ring of protection (right hand)
 L - a ring of resist corrosion
 M - a ring of protection from cold
 O - a +6 ring of strength
 R - a ring of protection from fire
 U - an amulet of reflection (around neck)
 Z - a ring of willpower
Wands
 w - a wand of digging (2)
Scrolls
 g - 17 scrolls of teleportation
 j - 2 scrolls of acquirement
 q - 6 scrolls of identify
 t - 5 scrolls of blinking
 x - 4 scrolls of fear
 y - 3 scrolls of magic mapping
 z - 4 scrolls of immolation
 E - 5 scrolls of noise
Potions
 n - 9 potions of curing
 s - 7 potions of haste
 u - a potion of resistance
 v - 5 potions of heal wounds
 A - 6 potions of might
 B - 2 potions of berserk rage
 N - 4 potions of flight


   Skills:
 + Level 18.1 Fighting
 + Level 0.7(12.6) Short Blades
 + Level 20.8 Long Blades
 + Level 0.9(1.2) Axes
 + Level 0.5(1.0) Maces & Flails
 + Level 0.9(1.2) Polearms
 + Level 0.5(1.0) Staves
 + Level 0.4(0.6) Slings
 + Level 0.4 Bows
 + Level 0.4 Crossbows
 + Level 0.4(0.5) Throwing
 + Level 13.0 Armour
 + Level 13.2 Dodging
 + Level 7.5 Stealth
 + Level 24.3 Shields
 + Level 0.4 Unarmed Combat
 + Level 0.2 Spellcasting
 + Level 0.2 Conjurations
 + Level 0.3 Hexes
 + Level 0.2 Summonings
 + Level 0.2 Necromancy
 + Level 0.2 Translocations
 + Level 0.2 Transmutations
 + Level 0.2 Fire Magic
 + Level 0.2 Ice Magic
 + Level 0.2 Air Magic
 + Level 0.2 Earth Magic
 + Level 0.2 Poison Magic
 + Level 2.1 Invocations
 + Level 1.4 Evocations


You had 19 spell levels left.
You didn't know any spells.
Your spell library contained the following spells:

 Spells                   Type           Power      Damage    Failure   Level
 Beastly Appendage        Tmut           0%         N/A       92%         1
 Slow                     Hex            0%         N/A       92%         1
 Apportation              Tloc           0%         N/A       93%         1
 Magic Dart               Conj           0%         1d3       93%         1
 Blink                    Tloc           0%         N/A       98%         2
 Corpse Rot               Necr/Air       0%         N/A       98%         2
 Searing Ray              Conj           0%         2d4       98%         2
 Static Discharge         Conj/Air       0%         N/A       98%         2
 Sublimation of Blood     Necr           0%         N/A       98%         2
 Wereblood                Tmut           0%         N/A       98%         2
 Confusing Touch          Hex            0%         N/A       100%        3
 Frozen Ramparts          Ice            0%         1d2       100%        3
 Gell's Gravitas          Tloc           0%         N/A       100%        3
 Lesser Beckoning         Tloc           0%         N/A       100%        3
 Ozocubu's Armour         Ice            0%         N/A       100%        3
 Portal Projectile        Hex/Tloc       0%         N/A       100%        3
 Spider Form              Tmut/Pois      0%         N/A       100%        3
 Stone Arrow              Conj/Erth      0%         3d7       100%        3
 Teleport Other           Tloc           0%         N/A       100%        3
 Vampiric Draining        Necr           0%         2d6       100%        3
 Airstrike                Air            0%         N/A       100%        4
 Dispel Undead            Necr           0%         3d6       100%        4
 Fulminant Prism          Conj/Hex       0%         3d6       100%        4
 Leda's Liquefaction      Hex/Erth       0%         N/A       100%        4
 Sticky Flame             Conj/Fire      0%         2d3       100%        4
 Blade Hands              Tmut           0%         N/A       100%        5
 Excruciating Wounds      Necr           0%         N/A       100%        5
 Lee's Rapid Deconstruct  Erth           0%         3d5*      100%        5
 Lightning Bolt           Conj/Air       0%         1d11      100%        5
 Manifold Assault         Tloc           0%         N/A       100%        5
 Statue Form              Tmut/Erth      0%         N/A       100%        6
 Ozocubu's Refrigeration  Ice            0%         4d5       100%        7
 Borgnjor's Revivificati  Necr           0%         N/A       100%        8
 Lehudib's Crystal Spear  Conj/Erth      0%         10d2      100%        8
 Maxwell's Capacitive Co  Air            0%         ∞         100%        8
 Animate Skeleton         Necr           Unusable   N/A       N/A         1
 Summon Small Mammal      Summ           Unusable   N/A       N/A         1
 Animate Armour           Summ/Erth      Unusable   N/A       N/A         4
 Animate Dead             Necr           Unusable   N/A       N/A         4
 Summon Ice Beast         Ice/Summ       Unusable   N/A       N/A         4
 Summon Lightning Spire   Summ/Air       Unusable   N/A       N/A         4
 Haunt                    Necr/Summ      Unusable   N/A       N/A         7
 Summon Hydra             Summ           Unusable   N/A       N/A         7
 Infestation              Necr           Unusable   N/A       N/A         8

Dungeon Overview and Level Annotations

Branches:
Dungeon (15/15)            Temple (1/1) D:5            Lair (6/6) D:11
 Shoals (4/4) Lair:4       Spider (4/4) Lair:3        Slime (0/5) Lair:5
    Orc (2/2) D:9             Elf (3/3) Orc:2        Vaults (0/5) D:13
 Depths (0/4) D:15         Bailey (visited)           IceCv (visited)

Altars:
Ashenzari
Cheibriados
Dithmenos
Elyvilon
Fedhas
Gozag
Hepliaklqana
Kikubaaqudgha
Makhleb
Nemelex Xobeh
Okawaru
Qazlal
Ru
Sif Muna
Trog
Uskayaw
Vehumet
Wu Jian
Xom
Yredelemnul
Zin
The Shining One

Shops:
D:1 !   D:13 ?   D:14 *   Orc:2 [=(*   Elf:3 *

Annotations:
Lair:2 Casa
Spider:3 Nikola
Elf:2 3 runed translucent doors


Innate Abilities, Weirdness & Mutations

You have a pair of horns on your head.
You reflexively headbutt those who attack you in melee.


Message History

There is a stone staircase leading down here.
Unknown command.
You hit Nikola. You headbutt Nikola!
Nikola is lightly wounded.
The redback bites you but does no damage.
You block the redback's attack.
You slash Nikola!
Nikola is lightly wounded.
You block Nikola's attack. You block the redback's attack.
You slash Nikola! You headbutt Nikola!
Nikola is moderately wounded.
You block Nikola's attack. You block the redback's attack.
You open Nikola like a pillowcase!!! Lightning courses through Nikola!
Nikola is severely wounded.
You block the redback's attack. You block Nikola's attack.
You slash Nikola!
Nikola is severely wounded.
You block the redback's attack.
You barely miss Nikola.
Nikola is severely wounded.
You block the redback's attack.
Nikola casts a spell.
Lightning arcs from Nikola's hands!
The bolt of lightning hits you!!!!
Ouch! That really hurt!
A bolt of lightning appears from out of thin air!
The bolt of lightning hits the redback!!!
The redback dies!
The bolt of lightning hits Nikola.
You barely miss Nikola.
Nikola is severely wounded.
You block Nikola's attack.
Unknown command.
You slice Nikola!!
Nikola is almost dead.
Unknown command.
You slash Nikola!
Nikola is almost dead.
Nikola gestures wildly while chanting.
Lightning arcs from Nikola's hands!
The bolt of lightning hits you!!!
You die...

###### ######## ####....###
###....^.#####^#.......###
##.....<....#.............##
##...^.......[..............####
##.........^........^......#...##
#.........................####^..
#..............†..........# ###.
##..............@@........# ##
..........................# #
##........................#######
###.^............^..............#
.####...........##...[..........#
..#####^.......####..[.........##
...## ##.......# #............##
....## #.......# #.............#
.....# ##.....## #.............†


You could see Nikola.

Vanquished Creatures
  Mara (Shoals:4)
  Jorgrun (D:12)
  2 deep elf master archers (Elf:3)
  2 deep elf blademasters (Elf:3)
  Polyphemus (Shoals:3)
  Gastronok (Lair:1)
  A frost giant (IceCv)
  4 deep elf sorcerers
  An emperor scorpion (Spider:2)
  An orc warlord (Orc:2)
  Aizul (Spider:2)
  4 deep elf elementalists (Elf:3)
  A broodmother (Spider:1)
  5 deep elf annihilators (Elf:3)
  4 deep elf demonologists (Elf:3)
  An entropy weaver (Lair:3)
  An ettin (D:15)
  4 merfolk javelineers
  Josephine (Orc:2)
  9 merfolk impalers
  Fannar (Lair:1)
  A deep elf high priest (Elf:3)
  10 deep elf death magi
  3 vault guards
  2 boulder beetles
  2 alligator snapping turtles (Shoals:4)
  A catoblepas (Shoals:3)
  13 hydras
  3 jorogumos
  3 satyrs
  5 centaur warriors
  5 merfolk avatars
  10 dancing weapons
  8 two-headed ogres
  2 merfolk aquamancers
  20 death yaks
  2 orc high priests (Orc:2)
  2 tengu warriors (D:15)
  8 deep elf knights
  Nergalle (Orc:1)
  A sun moth (Spider:3)
  3 pharaoh ants
  14 sea snakes
  7 steelbarb worms
  2 deep trolls (D:15)
  9 orb spiders
  A wizard (D:15)
  3 necromancers
  5 deep elf archers
  20 harpies
  4 orc knights
  3 ugly things (D:14)
  12 wolf spiders
  22 deep elf pyromancers
  15 deep elf zephyrmancers
  4 orc sorcerers
  A salamander (shapeshifter) (Elf:1)
  17 fauns
  10 cyclopes
  16 manticores
  2 moths of wrath
  13 elephants
  Joseph (D:7)
  12 merfolk sirens
  A centaur zombie (D:11)
  5 water nymphs
  6 black mambas
  4 torpor snails
  A gargoyle (D:11)
  An ice statue (IceCv)
  14 cane toads
  A freezing wraith (D:14)
  7 rime drakes
  12 komodo dragons
  2 efreet
  5 demonic crawlers
  A kobold demonologist (D:13)
  32 merfolk
  11 trolls
  6 wind drakes
  2 hornets
  14 blink frogs
  A hornet (shapeshifter) (D:13)
  12 meliai
  7 polar bears
  A tyrant leech (Lair:5)
  Prince Ribbit (Bailey)
  15 tarantellas
  5 snapping turtles
  2 large abominations (Elf:1)
  35 dream sheep
  13 slime creatures
  A centaur simulacrum (D:15)
  28 jumping spiders
  A vampire (D:13)
  A shadow (D:11)
  4 air elementals
  12 culicivoras
  4 wraiths
  67 yaks
  13 spriggans
  20 water elementals
  3 wyverns
  14 humans
  A human (shapeshifter) (Elf:1)
  A fire elemental (Elf:3)
  A steam dragon (D:7)
  33 redbacks
  15 wargs
  3 swamp worms (Lair:5)
  2 acid dragons
  20 water moccasins
  Duvessa (D:4)
  2 sky beasts (D:7)
  An ice beast (D:3)
  16 orc warriors
  6 black bears
  A necrophage (D:6)
  9 boggarts
  9 ogres
  40 wolves
  4 centaurs
  A phantom (D:6)
  4 elf zombies (Elf:1)
  6 kobold brigands
  Blork the orc (D:4)
  19 bullfrogs
  A wyvern zombie (D:5)
  7 gnoll sergeants
  7 scorpions
  A water moccasin zombie (D:6)
  An oklob sapling (D:5)
  2 water moccasin skeletons
  Dowan (D:4)
  6 howler monkeys
  9 wights (D:8)
  An electric eel (Lair:1)
  A bullfrog zombie (D:5)
  3 hounds
  Crazy Yiuf (D:2)
  2 jellies
  7 gnoll shamans (D:11)
  15 orc priests
  6 iguanas
  Ijyb (D:3)
  14 orc wizards
  Natasha (twice) (D:2)
  A killer bee zombie (D:8)
  Robin (D:4)
  2 howler monkey zombies (D:9)
  7 adders
  4 gnolls (D:7)
  A shadow imp (D:6)
  A white imp (D:6)
  3 worms
  6 dart slugs
  47 orcs
  6 ball pythons
  7 bats
  6 endoplasms
  8 giant cockroaches
  18 goblins
  18 hobgoblins
  8 kobolds
  4 quokkas
  2 frilled lizards
  2 rats
  18 bushes (Lair:2)
  A plant (Shoals:3)
1185 creatures vanquished.

Vanquished Creatures (others)
  A vault guard (D:13)
  A sun moth (Spider:3)
  An orb spider (Spider:4)
  A wolf spider (Spider:4)
  A deep elf pyromancer (Elf:2)
  A moth of wrath (Spider:4)
  A culicivora (Spider:4)
  A jumping spider (Spider:4)
  A water elemental (Shoals:2)
  A human (D:13)
  A redback (Spider:3)
  A kobold brigand (D:9)
  A kobold (D:9)
  44 fungi
  138 plants
195 creatures vanquished.

Grand Total: 1380 creatures vanquished

Notes
Turn   | Place    | Note
-------+----------+-------------------------------------------
     0 | D:1      | Peloso the Minotaur Fighter began the quest for the Orb.
     0 | D:1      | Reached XP level 1. HP: 19/19 MP: 0/0
    15 | D:1      | Found a faded altar of an unknown god.
   152 | D:1      | Reached XP level 2. HP: 27/27 MP: 1/1
   466 | D:1      | Reached skill level 4 in Shields
   645 | D:1      | Reached XP level 3. HP: 33/33 MP: 2/2
   729 | D:1      | Found Daolah's Distillery.
   737 | D:1      | Bought a potion of degeneration for 14 gold pieces
  1205 | D:2      | Identified the +6 ring mail of the Sun {rC+ Int+4 Dex+2}
  1336 | D:2      | Found a runed translucent door.
  1337 | D:2      | Noticed Crazy Yiuf
  1344 | D:2      | Killed Crazy Yiuf
  1345 | D:2      | Reached XP level 4. HP: 29/40 MP: 3/3
  1761 | D:2      | Noticed Natasha
  1765 | D:2      | Killed Natasha
  1886 | D:2      | Noticed Natasha
  1894 | D:2      | Killed Natasha
  1895 | D:2      | Reached XP level 5. HP: 46/46 MP: 4/4
  1908 | D:3      | Reached skill level 1 in Dodging
  1911 | D:3      | Reached skill level 5 in Long Blades
  1911 | D:3      | Reached skill level 5 in Armour
  1928 | D:3      | Noticed an ice beast
  1936 | D:3      | Killed an ice beast
  1937 | D:3      | Reached skill level 1 in Stealth
  1937 | D:3      | Reached XP level 6. HP: 52/52 MP: 5/5
  2556 | D:3      | Noticed Ijyb
  2563 | D:3      | Killed Ijyb
  2569 | D:3      | Identified the +3 leather armour of Benick {Int+5}
  3087 | D:4      | Reached XP level 7. HP: 60/60 MP: 6/6
  3137 | D:4      | Noticed Duvessa
  3137 | D:4      | Noticed Dowan
  3158 | D:4      | Killed Duvessa
  3168 | D:4      | Killed Dowan
  3169 | D:4      | Reached skill level 5 in Fighting
  3378 | D:4      | Noticed Robin
  3397 | D:4      | Killed Robin
  3546 | D:4      | Noticed Blork the orc
  3560 | D:4      | Killed Blork the orc
  3874 | D:5      | Entered Level 5 of the Dungeon
  3885 | D:5      | Found a staircase to the Ecumenical Temple.
  3917 | Temple   | Entered the Ecumenical Temple
  4263 | Temple   | Became a worshipper of Warmaster Okawaru
  4332 | D:5      | Reached skill level 5 in Shields
  4376 | D:5      | Reached XP level 8. HP: 69/69 MP: 7/7
  4605 | D:5      | Found a sparkling altar of Nemelex Xobeh.
  5163 | D:6      | Reached * piety under Okawaru
  6175 | D:7      | Noticed Joseph
  6206 | D:7      | Killed Joseph
  6206 | D:7      | Reached ** piety under Okawaru
  6207 | D:7      | Reached skill level 10 in Long Blades
  6207 | D:7      | Reached XP level 9. HP: 67/78 MP: 8/8
  7129 | D:8      | Reached *** piety under Okawaru
  7130 | D:8      | Reached skill level 6 in Shields
  7762 | D:9      | Reached XP level 10. HP: 62/86 MP: 9/9
  7904 | D:9      | Found a flagged portal.
  7924 | Bailey   | Entered a bailey
  7948 | Bailey   | Reached **** piety under Okawaru
  7949 | Bailey   | Reached skill level 5 in Dodging
  8096 | Bailey   | Noticed a vault guard
  8113 | Bailey   | Killed a vault guard
  8114 | Bailey   | Reached skill level 7 in Shields
  8139 | Bailey   | Noticed Prince Ribbit
  8139 | Bailey   | Noticed a vault guard
  8146 | Bailey   | Killed a vault guard
  8152 | Bailey   | Killed Prince Ribbit
  8219 | Bailey   | Reached ***** piety under Okawaru
  8651 | D:9      | Found a staircase to the Orcish Mines.
  9079 | D:10     | Entered Level 10 of the Dungeon
  9234 | D:10     | Reached XP level 11. HP: 39/95 MP: 10/10
  9241 | D:10     | Received a gift from Okawaru
 10207 | D:11     | Reached skill level 8 in Shields
 10340 | D:11     | Received a gift from Okawaru
 10612 | D:11     | Found a staircase to the Lair.
 10835 | D:11     | Noticed a four-headed hydra
 10850 | D:11     | Killed a 12-headed hydra
 11258 | D:11     | Noticed a two-headed ogre
 11267 | D:11     | Killed a two-headed ogre
 11761 | D:11     | Reached ****** piety under Okawaru
 11768 | D:11     | Noticed an orc sorcerer
 11882 | D:11     | Noticed a two-headed ogre
 11889 | D:11     | Killed a two-headed ogre
 11889 | D:11     | Identified the +1 chain mail of Midwinter {MP+9 Int+3}
                  | (Okawaru gifted it to you on level 11 of the Dungeon)
 11889 | D:11     | Received a gift from Okawaru
 11890 | D:11     | Reached skill level 10 in Fighting
 11890 | D:11     | Reached skill level 9 in Shields
 11941 | D:11     | Noticed a two-headed ogre
 11946 | D:11     | Killed a two-headed ogre
 11968 | D:11     | Killed an orc sorcerer
 11969 | D:11     | Reached XP level 12. HP: 101/106 MP: 11/11
 12046 | D:11     | Reached skill level 15 in Long Blades
 12062 | D:11     | Noticed a two-headed ogre
 12075 | D:11     | Killed a two-headed ogre
 12208 | D:11     | Noticed a two-headed ogre
 12212 | D:11     | Killed a two-headed ogre
 12213 | D:11     | Reached skill level 1 in Invocations
 12469 | Lair:1   | Entered Level 1 of the Lair of Beasts
 12481 | Lair:1   | Noticed Fannar
 12492 | Lair:1   | Killed Fannar
 12801 | Lair:1   | Reached skill level 10 in Shields
 13187 | Lair:1   | Noticed Gastronok
 13198 | Lair:1   | Killed Gastronok
 13198 | Lair:1   | Received a gift from Okawaru
 13550 | Lair:2   | Noticed a six-headed hydra
 13728 | D:12     | Noticed a two-headed ogre
 13731 | D:12     | Killed a two-headed ogre
 13731 | D:12     | Identified the +3 ring mail "Oqiy" {Int+6 Dex+5} (Okawaru
                  | gifted it to you on level 12 of the Dungeon)
 13731 | D:12     | Received a gift from Okawaru
 13732 | D:12     | Reached skill level 5 in Stealth
 13970 | D:12     | Noticed Jorgrun
 13992 | D:12     | Killed Jorgrun
 14738 | D:13     | Found Fuvaj's Magic Scroll Shop.
 14739 | D:13     | Identified the +5 spear of the Viper {vorpal, Will+}
 14755 | D:13     | Bought a scroll of identify for 28 gold pieces
 14755 | D:13     | Bought a scroll of identify for 28 gold pieces
 14845 | D:13     | Noticed a two-headed ogre
 14857 | D:13     | Killed a two-headed ogre
 14858 | D:13     | Reached XP level 13. HP: 104/116 MP: 12/12
 15111 | D:13     | Reached skill level 11 in Shields
 15821 | D:13     | Found a gate to the Vaults.
 16355 | Lair:2   | Identified the +10 triple crossbow of the Spinneret
                  | {freeze, rF++ rC-} (Okawaru gifted it to you on level 2 of
                  | the Lair of Beasts)
 16355 | Lair:2   | Received a gift from Okawaru
 16443 | Lair:2   | Reached skill level 12 in Shields
 17797 | Lair:3   | Reached skill level 10 in Armour
 17997 | Lair:3   | Found a hole to the Spider Nest.
 18254 | Lair:3   | Reached skill level 13 in Shields
 18653 | Orc:1    | Entered Level 1 of the Orcish Mines
 18675 | Orc:1    | Noticed Nergalle
 18684 | Orc:1    | Killed Nergalle
 18685 | Orc:1    | Reached skill level 10 in Dodging
 18803 | Orc:2    | Entered Level 2 of the Orcish Mines
 18803 | Orc:2    | Found a bloodstained altar of Trog.
 18833 | Orc:2    | Received a gift from Okawaru
 18894 | Orc:2    | Noticed an orc warlord
 18912 | Orc:2    | Killed an orc warlord
 19052 | Orc:2    | Found Erchuhuoce's General Store.
 19060 | Orc:2    | Found a staircase to the Elven Halls.
 19110 | Orc:2    | Reached XP level 14. HP: 95/127 MP: 13/13
 19288 | Orc:2    | Found Jeuc's Antique Weapon Emporium.
 19340 | Orc:2    | Found Zoequn's Jewellery Boutique.
 19449 | Orc:2    | Paralysed by an orc sorcerer for 2 turns
 19557 | Orc:2    | Found Miek's Antique Armour Shoppe.
 19636 | Orc:2    | Bought a slimy buckler for 237 gold pieces
 19636 | Orc:2    | Identified the +0 buckler of Zoeptos {Dex+4} (You bought it
                  | in a shop on level 2 of the Orcish Mines)
 19639 | Orc:2    | Noticed Josephine
 19651 | Orc:2    | Killed Josephine
 19835 | Orc:2    | Received a gift from Okawaru
 20643 | D:14     | Reached skill level 14 in Shields
 20834 | D:14     | Found an opulent altar of Gozag.
 20836 | D:14     | Found Gozag's Platinum Reserve.
 21014 | D:14     | You fall into a shaft and drop 1 floor!
 21014 | D:15     | Entered Level 15 of the Dungeon
 21355 | D:15     | Received a gift from Okawaru
 21630 | D:15     | Found a staircase to the Depths.
 21739 | D:15     | Found the +2 hood of the Assassin {Detection Stab+ Stlth++}
 21841 | D:15     | Reached skill level 15 in Shields
 22740 | Lair:4   | Reached skill level 1 in Evocations
 22802 | Lair:4   | Found a staircase to the Shoals.
 23191 | Lair:4   | Received a gift from Okawaru
 23463 | Lair:4   | Reached XP level 15. HP: 137/137 MP: 14/14
 23898 | Lair:5   | Found a frozen archway.
 23919 | IceCv    | Entered an ice cave
 23960 | IceCv    | Received a gift from Okawaru
 23963 | IceCv    | Reached skill level 16 in Shields
 24074 | IceCv    | Received a gift from Okawaru
 24604 | IceCv    | Noticed a frost giant
 24758 | IceCv    | Killed a frost giant
 24817 | IceCv    | Got Gant's Incunabulum of the Frostbite
 25006 | Lair:5   | Found a staircase to the Slime Pits.
 25901 | Lair:6   | Entered Level 6 of the Lair of Beasts
 26198 | Lair:5   | Reached skill level 17 in Shields
 26534 | Lair:6   | Received a gift from Okawaru
 27513 | Lair:6   | Reached skill level 18 in Shields
 27557 | Lair:6   | Reached XP level 16. HP: 147/147 MP: 15/15
 29476 | Elf:1    | Entered Level 1 of the Elven Halls
 29506 | Orc:2    | Reached skill level 15 in Fighting
 30706 | Elf:1    | Got the Handbook of Black Arts
 30970 | Elf:2    | Identified the +3 scimitar of Huyrr {holy, rPois SInv}
                  | (Okawaru gifted it to you on level 2 of the Elven Halls)
 30970 | Elf:2    | Received a gift from Okawaru
 31397 | Elf:2    | Paralysed by an air elemental for 1 turns
 31406 | Elf:2    | Found a runed translucent gate.
 31454 | Elf:2    | Identified the +1 flail of the Real Monster {vamp, *Rage
                  | Str+7}
 31474 | Elf:2    | Reached skill level 19 in Shields
 32002 | Elf:2    | Found a runed translucent gate.
 32002 | Elf:2    | Found a runed translucent gate.
 32237 | Spider:1 | Entered Level 1 of the Spider Nest
 33693 | Spider:1 | Identified the +1 ring mail of Padwat {Rampage rElec Dex+3}
 34236 | Shoals:1 | Entered Level 1 of the Shoals
 34265 | Shoals:1 | Identified the +8 chain mail of Okawaru's Supremacy {+Inv
                  | Str+3 Stlth+} (Okawaru gifted it to you on level 1 of the
                  | Shoals)
 34265 | Shoals:1 | Received a gift from Okawaru
 34846 | Shoals:1 | Reached skill level 20 in Shields
 34981 | Shoals:1 | Reached XP level 17. HP: 146/158 MP: 17/17
 36653 | Shoals:2 | Identified the +2 chain mail of the Abyss {Regen+}
 37019 | Shoals:2 | Received a gift from Okawaru
 37290 | Shoals:3 | Reached skill level 21 in Shields
 37508 | Shoals:3 | Noticed Polyphemus
 37552 | Shoals:3 | Killed Polyphemus
 38401 | Shoals:3 | Received a gift from Okawaru
 38863 | Shoals:4 | Entered Level 4 of the Shoals
 39217 | Shoals:4 | Identified a scroll of acquirement
 39379 | Shoals:4 | Identified the +1 robe "Fihalacva" {+Blink Regen+ Str-2
                  | Dex+4} (Okawaru gifted it to you on level 4 of the Shoals)
 39379 | Shoals:4 | Received a gift from Okawaru
 39749 | Shoals:4 | Noticed Mara
 39771 | Shoals:4 | Noticed Peloso's illusion
 39787 | Shoals:4 | Killed Mara
 39975 | Shoals:4 | Reached skill level 22 in Shields
 39975 | Shoals:4 | Reached XP level 18. HP: 169/169 MP: 18/18
 40018 | Shoals:4 | HP: 8/169 [merfolk javelineer/silver javelin (13)]
 40567 | Shoals:4 | Got a barnacled rune of Zot
 40808 | Shoals:4 | Identified the +9 quarterstaff of Peril {holy, *Slow rN+
                  | rCorr Int+6}
 42045 | Spider:2 | Noticed Aizul
 42071 | Spider:2 | Killed Aizul
 43074 | Elf:3    | Entered Level 3 of the Elven Halls
 43082 | Elf:3    | Identified the +5 ring mail of the Bull {Rampage rC+}
                  | (Okawaru gifted it to you on level 3 of the Elven Halls)
 43082 | Elf:3    | Received a gift from Okawaru
 43339 | Elf:3    | Paralysed by an air elemental for 1 turns
 43416 | Elf:3    | Reached skill level 23 in Shields
 43627 | Elf:3    | Identified the +3 leather armour "Betzuol" {rN++ Str-4}
 44157 | Elf:3    | Paralysed by an air elemental for 1 turns
 44499 | Elf:3    | Identified the +6 arbalest of the Magic Mushroom {speed,
                  | rN+ rCorr}
 44513 | Elf:3    | Identified the +1 plate armour "Yhitz" {rC+ Will+ MP-9}
 44635 | Elf:3    | Found Xuriyfobb's Assorted Antiques.
 44655 | Elf:3    | Bought an opal ring for 140 gold pieces
 45403 | Spider:3 | Received a gift from Okawaru
 45996 | Spider:3 | Reached XP level 19. HP: 179/179 MP: 19/19
 45997 | Spider:3 | Reached XP level 20. HP: 187/187 MP: 20/20
 46010 | Spider:3 | Reached skill level 24 in Shields
 46919 | Spider:4 | Entered Level 4 of the Spider Nest
 46925 | Spider:4 | Noticed Nikola
 47412 | Spider:3 | Killed from afar by Nikola

Illustrated notes

Levels and vault maps discovered:
D:1:      amcnicky_arrival_single_pillar, layout_basic,
          shapermc_ecumenical_altar_totnotflames, serial_shops, shop
D:2:      layout_loops_ring, uniq_crazy_yiuf_cottage, uniq_natasha
D:3:      layout_basic, uniq_ijyb
D:4:      layout_rooms, uniq_blork_the_orc, uniq_robin, uniq_duvessa
D:5:      layout_loops_ring, nemelex_spade_bored_becter,
          minmay_temple_entry_oklob
D:6:      layout_loops_ring
D:7:      layout_loops_ring, serial_glass, glass_columns_b, glass_columns_b,
          glass_columns_c, grunt_ministairs_7, uniq_joseph
D:8:      layout_loops_ring
D:9:      layout_basic, erik_orc_3, enter_bailey_4
D:10:     layout_gridville
D:11:     lemuel_castle_with_subvaults [lemuel_castle_interior_carwin_3],
          layout_stronghold, grunt_lair_entry_orc_guard_hut
D:12:     layout_loops_corners, uniq_jorgrun
D:13:     layout_irregular_city, ximxim_vaults_locker_room, serial_shops,
          nicolae_stop_n_shop_1, minmay_holes, grunt_ministairs_12
D:14:     layout_basic, nicolae_gozag_zags_fifth_avenue
D:15:     hangedman_depths_entry_civil_slaughter, layout_cave_pools
Temple:   regret_index_temple_sigil_plot
Lair:1:   layout_regular_city, serial_rivers, chequers_serial_rivers_small_3,
          chequers_serial_rivers_micro_c, chequers_serial_rivers_room_b,
          chequers_serial_rivers_room_a, chequers_serial_rivers_large_b,
          nicolae_quartered_pool_little, grunt_forest_large_clearing_hut,
          uniq_fannar, uniq_gastronok
Lair:2:   layout_cave_shapes, serial_forest, infiniplex_forest_lined_room_2,
          infiniplex_forest_end_2, infiniplex_forest_end_1,
          infiniplex_forest_lined_3_way, infiniplex_forest_end_2,
          infiniplex_forest_clump_medium, infiniplex_forest_corner_1,
          infiniplex_forest_clump_large, infiniplex_forest_straight_3,
          minmay_stone_trees_small, chequers_serial_rivers_micro_a
Lair:3:   layout_big_grid, nicolae_spider_entry_non_spiders,
          lemuel_old_faithful, grunt_megastairs_2, serial_bayou_shore_b
Lair:4:   layout_small_grid, minmay_shoals_entry_beasts, nzn_random_ring
Lair:5:   layout_cave_pods, dpeg_slime_entry_corner,
          portal_ice_cave_entry_pillars_1, chequers_serial_rivers_micro_e,
          fungi_pond_lemuel, worms_lemuel, grunt_megastairs_5,
          serial_bayou_shore_b
Lair:6:   minmay_lair_end_enchanted_forest, layout_hall_layers,
          serial_bayou_shore_a
Shoals:1: layout_shoals
Shoals:2: layout_shoals
Shoals:3: layout_shoals, uniq_polyphemus
Shoals:4: shoals_end_simple, layout_shoals, uniq_mara
Spider:1: layout_spider_delve, hangedman_spider_tarantella_strand
Spider:2: layout_cave_pods, uniq_aizul
Spider:3: layout_cave_pods
Spider:4: grunt_spider_rune_island, drop_trap, uniq_nikola, uniq_donald,
          uniq_bai_suzhen
Orc:1:    minmay_goldmine, layout_caves, uniq_nergalle
Orc:2:    grunt_orc_gardens, layout_caves, grunt_orc_garden, grunt_orc_garden,
          grunt_orc_garden, grunt_orc_garden, basic_altar, uniq_josephine
Elf:1:    minmay_elf_arrival_plus, layout_gridlike, minmay_elf_necromancy,
          corexii_checkpoint_a
Elf:2:    nicolae_elf_blades_crystal_corner, layout_rooms
Elf:3:    grunt_elf_hall_branching, layout_loops_cross, serial_shops,
          nicolae_shop_overgrown_old_shop, hangedman_elven_ridges

Skill      XL: |  1  2  3  4  5  6  7  8  9 10 11 12 13 14 15 16 17 18 19 20 |
---------------+-------------------------------------------------------------+-----
Armour         | 4 5 6 7 8 9 10 11 12 13 | 13.0
Shields        | 4 5 6 7 9 10 13 15 18 20 22 23 24 | 24.3
Long Blades    | 3 4 5 6 7 10 11 13 14 16 17 18 19 20 | 20.8
Fighting       | 4 5 6 7 8 10 11 12 13 14 15 17 18 | 18.1
Dodging        | 1 3 4 6 7 8 10 11 12 13 | 13.2
Stealth        | 1 2 3 4 5 6 7 |  7.5
Invocations    | 1 2 |  2.1
Evocations     | 1 |  1.4
Short Blades   | |  0.7
Axes           | |  0.9
Maces & Flails | |  0.5
Polearms       | |  0.9
Staves         | |  0.5
Slings         | |  0.4
Bows           | |  0.4
Crossbows      | |  0.4
Throwing       | |  0.4
Unarmed Combat | |  0.4
Spellcasting   | |  0.2
Conjurations   | |  0.2
Hexes          | |  0.3
Summonings     | |  0.2
Necromancy     | |  0.2
Translocations | |  0.2
Transmutations | |  0.2
Fire Magic     | |  0.2
Ice Magic      | |  0.2
Air Magic      | |  0.2
Earth Magic    | |  0.2
Poison Magic   | |  0.2

Action                   |  1- 3 |  4- 6 |  7- 9 | 10-12 | 13-15 | 16-18 | 19-21 || total
-------------------------+-------+-------+-------+-------+-------+-------+-------++-------
Melee: Long sword        |    68 |    75 |   273 |       |       |       |       ||   416
       Headbutt          |    13 |    19 |    69 |   102 |   402 |   381 |    27 ||  1013
       Scimitar          |       |       |    35 |   215 |    44 |   152 |       ||   446
       Double sword      |       |       |       |   285 |  1327 |  1328 |   125 ||  3065
Invok: Heroism           |       |       |       |     6 |     6 |    16 |     1 ||    29
Evoke: Wand              |       |       |       |     3 |     6 |     1 |       ||    10
  Use: Scroll            |       |     4 |     4 |    13 |     8 |     9 |     1 ||    39
       Potion            |       |       |       |     1 |     2 |     3 |     2 ||     8
 Stab: Sleeping          |       |     1 |     4 |     6 |    26 |    12 |     2 ||    51
       Distracted        |       |       |       |       |       |     3 |       ||     3
       Petrified         |       |       |       |       |       |     3 |       ||     3
       Petrifying        |       |       |       |       |       |     2 |       ||     2
Armor: Scale mail        |    18 |       |       |       |       |       |       ||    18
       Ring mail         |    10 |    24 |   147 |   164 |   351 |   144 |       ||   840
       Chain mail        |       |       |       |       |       |   331 |    48 ||   379
Dodge: Dodged            |    28 |    25 |   133 |   252 |   563 |   551 |    77 ||  1629
Block: Buckler           |    14 |    13 |    83 |    85 |       |       |       ||   195
       Kite shield       |       |       |       |   158 |    55 |       |       ||   213
       Tower shield      |       |       |       |       |  1599 |  2172 |   282 ||  4053
       Reflection        |       |       |       |       |     6 |   165 |     5 ||   176
